Workbook

Sheet Investment Dashboard
A4: INVESTMENT TRACKER
A5: Your portfolio at a glance
B7: PORTFOLIO SUMMARY | F7: KEY METRIC
B8: Total invested | D8: =Holdings!G39 -> 14500 | F8: Total return | H8: =Holdings!L39 -> 0.088275862
B9: Current value | D9: =Holdings!J39 -> 15780
B10: Number of holdings | D10: =COUNTIF(Holdings!$D$9:$D$38,"<>") -> 1 | F10: How much your portfolio has grown compared to what you've put in, based on the figures on your Holdings tab.
B13: TOTAL GAIN / LOSS | D13: =Holdings!K39 -> 1280
F15: HOW TO USE
F16: 1. Add each holding once on the Holdings tab.
F17: 2. Log every buy or sell on the Transactions tab.
F18: 3. Update the Current Price on Holdings when you check in.
F19: 4. Check back here any time to see your total return.
B21: WHERE YOUR MONEY IS INVESTED

Sheet Start Here
B7: INVESTMENT TRACKER
B8: Finance. Explained. Properly.
B10: WELCOME
B12: This tracker works the same way we explain everything else at Money Actually — plain English, no jargon, nothing hidden. Fill in the amber cells with your own numbers. Everything in white updates itself.
B15: HOW TO USE IT
B17: 1. | C17: Add each holding once on the Holdings tab — platform, account type, name and ticker.
B18: 2. | C18: Log every buy or sell on the Transactions tab as it happens.
B19: 3. | C19: Update the Current Price on Holdings whenever you check in.
B20: 4. | C20: Your Units Held and Net Invested update automatically from your transaction log.
B21: 5. | C21: Check your Total Gain/Loss any time on the Dashboard tab.
B23: COLOUR KEY
C25: Amber cells — enter your own numbers here
C27: White cells — calculated automatically, no need to touch these
B30: moneyactually.co.uk · This tracker is for guidance only and isn't financial advice.

Sheet Holdings
A4: INVESTMENT TRACKER
A5: Finance. Explained. Properly.
B7: YOUR HOLDINGS
B8: Platform | C8: Account Type | D8: Holding Name | E8: Ticker | F8: Units Held | G8: Net Invested (£) | H8: Avg Cost/Unit (£) | I8: Current Price (£) | J8: Current Value (£) | K8: Gain/Loss (£) | L8: Gain/Loss (%) | N8: Account Type | O8: Current Value (£)
B9: Vanguard | C9: ISA | D9: FTSE Global All Cap Index Fund | E9: VWRP | F9: =IF($D9="","",IFERROR(SUMIFS(Transactions!$H$9:$H$58,Transactions!$F$9:$F$58,$E9,Transactions!$D$9:$D$58,$C9,Transactions!$G$9:$G$58,"Buy")-SUMIFS(Transactions!$H$9:$H$58,Transactions!$F$9:$F$58,$E9,Transactions!$D$9:$D$58,$C9,Transactions!$G$9:$G$58,"Sell"),0)) -> 150 | G9: =IF($D9="","",IFERROR(SUMIFS(Transactions!$K$9:$K$58,Transactions!$F$9:$F$58,$E9,Transactions!$D$9:$D$58,$C9,Transactions!$G$9:$G$58,"Buy")-SUMIFS(Transactions!$K$9:$K$58,Transactions!$F$9:$F$58,$E9,Transactions!$D$9:$D$58,$C9,Transactions!$G$9:$G$58,"Sell"),0)) -> 14500 | H9: =IF($D9="","",IFERROR(G9/F9,0)) -> 96.666667 | I9: 105.2 | J9: =IF($D9="","",IF($I9="","",F9*I9)) -> 15780 | K9: =IF($D9="","",IF($I9="","",J9-G9)) -> 1280 | L9: =IF($D9="","",IF(OR($I9="",$G9=0),"",K9/G9)) -> 0.088275862 | N9: ISA | O9: =SUMIF($C$9:$C$38,"ISA",$J$9:$J$38) -> 15780
F10: =IF($D10="","",IFERROR(SUMIFS(Transactions!$H$9:$H$58,Transactions!$F$9:$F$58,$E10,Transactions!$D$9:$D$58,$C10,Transactions!$G$9:$G$58,"Buy")-SUMIFS(Transactions!$H$9:$H$58,Transactions!$F$9:$F$58,$E10,Transactions!$D$9:$D$58,$C10,Transactions!$G$9:$G$58,"Sell"),0)) | G10: =IF($D10="","",IFERROR(SUMIFS(Transactions!$K$9:$K$58,Transactions!$F$9:$F$58,$E10,Transactions!$D$9:$D$58,$C10,Transactions!$G$9:$G$58,"Buy")-SUMIFS(Transactions!$K$9:$K$58,Transactions!$F$9:$F$58,$E10,Transactions!$D$9:$D$58,$C10,Transactions!$G$9:$G$58,"Sell"),0)) | H10: =IF($D10="","",IFERROR(G10/F10,0)) | J10: =IF($D10="","",IF($I10="","",F10*I10)) | K10: =IF($D10="","",IF($I10="","",J10-G10)) | L10: =IF($D10="","",IF(OR($I10="",$G10=0),"",K10/G10)) | N10: SIPP | O10: =SUMIF($C$9:$C$38,"SIPP",$J$9:$J$38) -> 0
F11: =IF($D11="","",IFERROR(SUMIFS(Transactions!$H$9:$H$58,Transactions!$F$9:$F$58,$E11,Transactions!$D$9:$D$58,$C11,Transactions!$G$9:$G$58,"Buy")-SUMIFS(Transactions!$H$9:$H$58,Transactions!$F$9:$F$58,$E11,Transactions!$D$9:$D$58,$C11,Transactions!$G$9:$G$58,"Sell"),0)) | G11: =IF($D11="","",IFERROR(SUMIFS(Transactions!$K$9:$K$58,Transactions!$F$9:$F$58,$E11,Transactions!$D$9:$D$58,$C11,Transactions!$G$9:$G$58,"Buy")-SUMIFS(Transactions!$K$9:$K$58,Transactions!$F$9:$F$58,$E11,Transactions!$D$9:$D$58,$C11,Transactions!$G$9:$G$58,"Sell"),0)) | H11: =IF($D11="","",IFERROR(G11/F11,0)) | J11: =IF($D11="","",IF($I11="","",F11*I11)) | K11: =IF($D11="","",IF($I11="","",J11-G11)) | L11: =IF($D11="","",IF(OR($I11="",$G11=0),"",K11/G11)) | N11: GIA | O11: =SUMIF($C$9:$C$38,"GIA",$J$9:$J$38) -> 0
F12: =IF($D12="","",IFERROR(SUMIFS(Transactions!$H$9:$H$58,Transactions!$F$9:$F$58,$E12,Transactions!$D$9:$D$58,$C12,Transactions!$G$9:$G$58,"Buy")-SUMIFS(Transactions!$H$9:$H$58,Transactions!$F$9:$F$58,$E12,Transactions!$D$9:$D$58,$C12,Transactions!$G$9:$G$58,"Sell"),0)) | G12: =IF($D12="","",IFERROR(SUMIFS(Transactions!$K$9:$K$58,Transactions!$F$9:$F$58,$E12,Transactions!$D$9:$D$58,$C12,Transactions!$G$9:$G$58,"Buy")-SUMIFS(Transactions!$K$9:$K$58,Transactions!$F$9:$F$58,$E12,Transactions!$D$9:$D$58,$C12,Transactions!$G$9:$G$58,"Sell"),0)) | H12: =IF($D12="","",IFERROR(G12/F12,0)) | J12: =IF($D12="","",IF($I12="","",F12*I12)) | K12: =IF($D12="","",IF($I12="","",J12-G12)) | L12: =IF($D12="","",IF(OR($I12="",$G12=0),"",K12/G12)) | N12: LISA | O12: =SUMIF($C$9:$C$38,"LISA",$J$9:$J$38) -> 0
F13: =IF($D13="","",IFERROR(SUMIFS(Transactions!$H$9:$H$58,Transactions!$F$9:$F$58,$E13,Transactions!$D$9:$D$58,$C13,Transactions!$G$9:$G$58,"Buy")-SUMIFS(Transactions!$H$9:$H$58,Transactions!$F$9:$F$58,$E13,Transactions!$D$9:$D$58,$C13,Transactions!$G$9:$G$58,"Sell"),0)) | G13: =IF($D13="","",IFERROR(SUMIFS(Transactions!$K$9:$K$58,Transactions!$F$9:$F$58,$E13,Transactions!$D$9:$D$58,$C13,Transactions!$G$9:$G$58,"Buy")-SUMIFS(Transactions!$K$9:$K$58,Transactions!$F$9:$F$58,$E13,Transactions!$D$9:$D$58,$C13,Transactions!$G$9:$G$58,"Sell"),0)) | H13: =IF($D13="","",IFERROR(G13/F13,0)) | J13: =IF($D13="","",IF($I13="","",F13*I13)) | K13: =IF($D13="","",IF($I13="","",J13-G13)) | L13: =IF($D13="","",IF(OR($I13="",$G13=0),"",K13/G13)) | N13: Other | O13: =SUMIF($C$9:$C$38,"Other",$J$9:$J$38) -> 0
F14: =IF($D14="","",IFERROR(SUMIFS(Transactions!$H$9:$H$58,Transactions!$F$9:$F$58,$E14,Transactions!$D$9:$D$58,$C14,Transactions!$G$9:$G$58,"Buy")-SUMIFS(Transactions!$H$9:$H$58,Transactions!$F$9:$F$58,$E14,Transactions!$D$9:$D$58,$C14,Transactions!$G$9:$G$58,"Sell"),0)) | G14: =IF($D14="","",IFERROR(SUMIFS(Transactions!$K$9:$K$58,Transactions!$F$9:$F$58,$E14,Transactions!$D$9:$D$58,$C14,Transactions!$G$9:$G$58,"Buy")-SUMIFS(Transactions!$K$9:$K$58,Transactions!$F$9:$F$58,$E14,Transactions!$D$9:$D$58,$C14,Transactions!$G$9:$G$58,"Sell"),0)) | H14: =IF($D14="","",IFERROR(G14/F14,0)) | J14: =IF($D14="","",IF($I14="","",F14*I14)) | K14: =IF($D14="","",IF($I14="","",J14-G14)) | L14: =IF($D14="","",IF(OR($I14="",$G14=0),"",K14/G14))
F15: =IF($D15="","",IFERROR(SUMIFS(Transactions!$H$9:$H$58,Transactions!$F$9:$F$58,$E15,Transactions!$D$9:$D$58,$C15,Transactions!$G$9:$G$58,"Buy")-SUMIFS(Transactions!$H$9:$H$58,Transactions!$F$9:$F$58,$E15,Transactions!$D$9:$D$58,$C15,Transactions!$G$9:$G$58,"Sell"),0)) | G15: =IF($D15="","",IFERROR(SUMIFS(Transactions!$K$9:$K$58,Transactions!$F$9:$F$58,$E15,Transactions!$D$9:$D$58,$C15,Transactions!$G$9:$G$58,"Buy")-SUMIFS(Transactions!$K$9:$K$58,Transactions!$F$9:$F$58,$E15,Transactions!$D$9:$D$58,$C15,Transactions!$G$9:$G$58,"Sell"),0)) | H15: =IF($D15="","",IFERROR(G15/F15,0)) | J15: =IF($D15="","",IF($I15="","",F15*I15)) | K15: =IF($D15="","",IF($I15="","",J15-G15)) | L15: =IF($D15="","",IF(OR($I15="",$G15=0),"",K15/G15))
F16: =IF($D16="","",IFERROR(SUMIFS(Transactions!$H$9:$H$58,Transactions!$F$9:$F$58,$E16,Transactions!$D$9:$D$58,$C16,Transactions!$G$9:$G$58,"Buy")-SUMIFS(Transactions!$H$9:$H$58,Transactions!$F$9:$F$58,$E16,Transactions!$D$9:$D$58,$C16,Transactions!$G$9:$G$58,"Sell"),0)) | G16: =IF($D16="","",IFERROR(SUMIFS(Transactions!$K$9:$K$58,Transactions!$F$9:$F$58,$E16,Transactions!$D$9:$D$58,$C16,Transactions!$G$9:$G$58,"Buy")-SUMIFS(Transactions!$K$9:$K$58,Transactions!$F$9:$F$58,$E16,Transactions!$D$9:$D$58,$C16,Transactions!$G$9:$G$58,"Sell"),0)) | H16: =IF($D16="","",IFERROR(G16/F16,0)) | J16: =IF($D16="","",IF($I16="","",F16*I16)) | K16: =IF($D16="","",IF($I16="","",J16-G16)) | L16: =IF($D16="","",IF(OR($I16="",$G16=0),"",K16/G16))
F17: =IF($D17="","",IFERROR(SUMIFS(Transactions!$H$9:$H$58,Transactions!$F$9:$F$58,$E17,Transactions!$D$9:$D$58,$C17,Transactions!$G$9:$G$58,"Buy")-SUMIFS(Transactions!$H$9:$H$58,Transactions!$F$9:$F$58,$E17,Transactions!$D$9:$D$58,$C17,Transactions!$G$9:$G$58,"Sell"),0)) | G17: =IF($D17="","",IFERROR(SUMIFS(Transactions!$K$9:$K$58,Transactions!$F$9:$F$58,$E17,Transactions!$D$9:$D$58,$C17,Transactions!$G$9:$G$58,"Buy")-SUMIFS(Transactions!$K$9:$K$58,Transactions!$F$9:$F$58,$E17,Transactions!$D$9:$D$58,$C17,Transactions!$G$9:$G$58,"Sell"),0)) | H17: =IF($D17="","",IFERROR(G17/F17,0)) | J17: =IF($D17="","",IF($I17="","",F17*I17)) | K17: =IF($D17="","",IF($I17="","",J17-G17)) | L17: =IF($D17="","",IF(OR($I17="",$G17=0),"",K17/G17))
F18: =IF($D18="","",IFERROR(SUMIFS(Transactions!$H$9:$H$58,Transactions!$F$9:$F$58,$E18,Transactions!$D$9:$D$58,$C18,Transactions!$G$9:$G$58,"Buy")-SUMIFS(Transactions!$H$9:$H$58,Transactions!$F$9:$F$58,$E18,Transactions!$D$9:$D$58,$C18,Transactions!$G$9:$G$58,"Sell"),0)) | G18: =IF($D18="","",IFERROR(SUMIFS(Transactions!$K$9:$K$58,Transactions!$F$9:$F$58,$E18,Transactions!$D$9:$D$58,$C18,Transactions!$G$9:$G$58,"Buy")-SUMIFS(Transactions!$K$9:$K$58,Transactions!$F$9:$F$58,$E18,Transactions!$D$9:$D$58,$C18,Transactions!$G$9:$G$58,"Sell"),0)) | H18: =IF($D18="","",IFERROR(G18/F18,0)) | J18: =IF($D18="","",IF($I18="","",F18*I18)) | K18: =IF($D18="","",IF($I18="","",J18-G18)) | L18: =IF($D18="","",IF(OR($I18="",$G18=0),"",K18/G18))
F19: =IF($D19="","",IFERROR(SUMIFS(Transactions!$H$9:$H$58,Transactions!$F$9:$F$58,$E19,Transactions!$D$9:$D$58,$C19,Transactions!$G$9:$G$58,"Buy")-SUMIFS(Transactions!$H$9:$H$58,Transactions!$F$9:$F$58,$E19,Transactions!$D$9:$D$58,$C19,Transactions!$G$9:$G$58,"Sell"),0)) | G19: =IF($D19="","",IFERROR(SUMIFS(Transactions!$K$9:$K$58,Transactions!$F$9:$F$58,$E19,Transactions!$D$9:$D$58,$C19,Transactions!$G$9:$G$58,"Buy")-SUMIFS(Transactions!$K$9:$K$58,Transactions!$F$9:$F$58,$E19,Transactions!$D$9:$D$58,$C19,Transactions!$G$9:$G$58,"Sell"),0)) | H19: =IF($D19="","",IFERROR(G19/F19,0)) | J19: =IF($D19="","",IF($I19="","",F19*I19)) | K19: =IF($D19="","",IF($I19="","",J19-G19)) | L19: =IF($D19="","",IF(OR($I19="",$G19=0),"",K19/G19))
F20: =IF($D20="","",IFERROR(SUMIFS(Transactions!$H$9:$H$58,Transactions!$F$9:$F$58,$E20,Transactions!$D$9:$D$58,$C20,Transactions!$G$9:$G$58,"Buy")-SUMIFS(Transactions!$H$9:$H$58,Transactions!$F$9:$F$58,$E20,Transactions!$D$9:$D$58,$C20,Transactions!$G$9:$G$58,"Sell"),0)) | G20: =IF($D20="","",IFERROR(SUMIFS(Transactions!$K$9:$K$58,Transactions!$F$9:$F$58,$E20,Transactions!$D$9:$D$58,$C20,Transactions!$G$9:$G$58,"Buy")-SUMIFS(Transactions!$K$9:$K$58,Transactions!$F$9:$F$58,$E20,Transactions!$D$9:$D$58,$C20,Transactions!$G$9:$G$58,"Sell"),0)) | H20: =IF($D20="","",IFERROR(G20/F20,0)) | J20: =IF($D20="","",IF($I20="","",F20*I20)) | K20: =IF($D20="","",IF($I20="","",J20-G20)) | L20: =IF($D20="","",IF(OR($I20="",$G20=0),"",K20/G20))
F21: =IF($D21="","",IFERROR(SUMIFS(Transactions!$H$9:$H$58,Transactions!$F$9:$F$58,$E21,Transactions!$D$9:$D$58,$C21,Transactions!$G$9:$G$58,"Buy")-SUMIFS(Transactions!$H$9:$H$58,Transactions!$F$9:$F$58,$E21,Transactions!$D$9:$D$58,$C21,Transactions!$G$9:$G$58,"Sell"),0)) | G21: =IF($D21="","",IFERROR(SUMIFS(Transactions!$K$9:$K$58,Transactions!$F$9:$F$58,$E21,Transactions!$D$9:$D$58,$C21,Transactions!$G$9:$G$58,"Buy")-SUMIFS(Transactions!$K$9:$K$58,Transactions!$F$9:$F$58,$E21,Transactions!$D$9:$D$58,$C21,Transactions!$G$9:$G$58,"Sell"),0)) | H21: =IF($D21="","",IFERROR(G21/F21,0)) | J21: =IF($D21="","",IF($I21="","",F21*I21)) | K21: =IF($D21="","",IF($I21="","",J21-G21)) | L21: =IF($D21="","",IF(OR($I21="",$G21=0),"",K21/G21))
F22: =IF($D22="","",IFERROR(SUMIFS(Transactions!$H$9:$H$58,Transactions!$F$9:$F$58,$E22,Transactions!$D$9:$D$58,$C22,Transactions!$G$9:$G$58,"Buy")-SUMIFS(Transactions!$H$9:$H$58,Transactions!$F$9:$F$58,$E22,Transactions!$D$9:$D$58,$C22,Transactions!$G$9:$G$58,"Sell"),0)) | G22: =IF($D22="","",IFERROR(SUMIFS(Transactions!$K$9:$K$58,Transactions!$F$9:$F$58,$E22,Transactions!$D$9:$D$58,$C22,Transactions!$G$9:$G$58,"Buy")-SUMIFS(Transactions!$K$9:$K$58,Transactions!$F$9:$F$58,$E22,Transactions!$D$9:$D$58,$C22,Transactions!$G$9:$G$58,"Sell"),0)) | H22: =IF($D22="","",IFERROR(G22/F22,0)) | J22: =IF($D22="","",IF($I22="","",F22*I22)) | K22: =IF($D22="","",IF($I22="","",J22-G22)) | L22: =IF($D22="","",IF(OR($I22="",$G22=0),"",K22/G22))
F23: =IF($D23="","",IFERROR(SUMIFS(Transactions!$H$9:$H$58,Transactions!$F$9:$F$58,$E23,Transactions!$D$9:$D$58,$C23,Transactions!$G$9:$G$58,"Buy")-SUMIFS(Transactions!$H$9:$H$58,Transactions!$F$9:$F$58,$E23,Transactions!$D$9:$D$58,$C23,Transactions!$G$9:$G$58,"Sell"),0)) | G23: =IF($D23="","",IFERROR(SUMIFS(Transactions!$K$9:$K$58,Transactions!$F$9:$F$58,$E23,Transactions!$D$9:$D$58,$C23,Transactions!$G$9:$G$58,"Buy")-SUMIFS(Transactions!$K$9:$K$58,Transactions!$F$9:$F$58,$E23,Transactions!$D$9:$D$58,$C23,Transactions!$G$9:$G$58,"Sell"),0)) | H23: =IF($D23="","",IFERROR(G23/F23,0)) | J23: =IF($D23="","",IF($I23="","",F23*I23)) | K23: =IF($D23="","",IF($I23="","",J23-G23)) | L23: =IF($D23="","",IF(OR($I23="",$G23=0),"",K23/G23))
F24: =IF($D24="","",IFERROR(SUMIFS(Transactions!$H$9:$H$58,Transactions!$F$9:$F$58,$E24,Transactions!$D$9:$D$58,$C24,Transactions!$G$9:$G$58,"Buy")-SUMIFS(Transactions!$H$9:$H$58,Transactions!$F$9:$F$58,$E24,Transactions!$D$9:$D$58,$C24,Transactions!$G$9:$G$58,"Sell"),0)) | G24: =IF($D24="","",IFERROR(SUMIFS(Transactions!$K$9:$K$58,Transactions!$F$9:$F$58,$E24,Transactions!$D$9:$D$58,$C24,Transactions!$G$9:$G$58,"Buy")-SUMIFS(Transactions!$K$9:$K$58,Transactions!$F$9:$F$58,$E24,Transactions!$D$9:$D$58,$C24,Transactions!$G$9:$G$58,"Sell"),0)) | H24: =IF($D24="","",IFERROR(G24/F24,0)) | J24: =IF($D24="","",IF($I24="","",F24*I24)) | K24: =IF($D24="","",IF($I24="","",J24-G24)) | L24: =IF($D24="","",IF(OR($I24="",$G24=0),"",K24/G24))
F25: =IF($D25="","",IFERROR(SUMIFS(Transactions!$H$9:$H$58,Transactions!$F$9:$F$58,$E25,Transactions!$D$9:$D$58,$C25,Transactions!$G$9:$G$58,"Buy")-SUMIFS(Transactions!$H$9:$H$58,Transactions!$F$9:$F$58,$E25,Transactions!$D$9:$D$58,$C25,Transactions!$G$9:$G$58,"Sell"),0)) | G25: =IF($D25="","",IFERROR(SUMIFS(Transactions!$K$9:$K$58,Transactions!$F$9:$F$58,$E25,Transactions!$D$9:$D$58,$C25,Transactions!$G$9:$G$58,"Buy")-SUMIFS(Transactions!$K$9:$K$58,Transactions!$F$9:$F$58,$E25,Transactions!$D$9:$D$58,$C25,Transactions!$G$9:$G$58,"Sell"),0)) | H25: =IF($D25="","",IFERROR(G25/F25,0)) | J25: =IF($D25="","",IF($I25="","",F25*I25)) | K25: =IF($D25="","",IF($I25="","",J25-G25)) | L25: =IF($D25="","",IF(OR($I25="",$G25=0),"",K25/G25))
... F38: =IF($D38="","",IFERROR(SUMIFS(Transactions!$H$9:$H$58,Transactions!$F$9:$F$58,$E38,Transactions!$D$9:$D$58,$C38,Transactions!$G$9:$G$58,"Buy")-SUMIFS(Transactions!$H$9:$H$58,Transactions!$F$9:$F$58,$E38,Transactions!$D$9:$D$58,$C38,Transactions!$G$9:$G$58,"Sell"),0)) | G38: =IF($D38="","",IFERROR(SUMIFS(Transactions!$K$9:$K$58,Transactions!$F$9:$F$58,$E38,Transactions!$D$9:$D$58,$C38,Transactions!$G$9:$G$58,"Buy")-SUMIFS(Transactions!$K$9:$K$58,Transactions!$F$9:$F$58,$E38,Transactions!$D$9:$D$58,$C38,Transactions!$G$9:$G$58,"Sell"),0)) | H38: =IF($D38="","",IFERROR(G38/F38,0)) | J38: =IF($D38="","",IF($I38="","",F38*I38)) | K38: =IF($D38="","",IF($I38="","",J38-G38)) | L38: =IF($D38="","",IF(OR($I38="",$G38=0),"",K38/G38))
B39: TOTAL | G39: =SUM(G9:G38) -> 14500 | J39: =SUM(J9:J38) -> 15780 | K39: =SUM(K9:K38) -> 1280 | L39: =IFERROR(K39/G39,0) -> 0.088275862
B41: Note: Net Invested is your running cost basis — total bought minus total sold on this holding, based on your Transactions tab. It's a useful indicative figure, not an exact capital gains calculation — check your platform or HMRC guidance for tax purposes.

Sheet Transactions
A4: INVESTMENT TRACKER
A5: Finance. Explained. Properly.
B7: TRANSACTION LOG
B8: Date | C8: Platform | D8: Account Type | E8: Holding Name | F8: Ticker | G8: Type | H8: Units | I8: Price/Unit (£) | J8: Fees (£) | K8: Total (£)
B9: 46032 | C9: Vanguard | D9: ISA | E9: FTSE Global All Cap Index Fund | F9: VWRP | G9: Buy | H9: 100 | I9: 95 | J9: 0 | K9: =IF(OR($H9="",$I9=""),"",IF($G9="Buy",$H9*$I9+$J9,$H9*$I9-$J9)) -> 9500
B10: 46122 | C10: Vanguard | D10: ISA | E10: FTSE Global All Cap Index Fund | F10: VWRP | G10: Buy | H10: 50 | I10: 100 | J10: 0 | K10: =IF(OR($H10="",$I10=""),"",IF($G10="Buy",$H10*$I10+$J10,$H10*$I10-$J10)) -> 5000
J11: 0 | K11: =IF(OR($H11="",$I11=""),"",IF($G11="Buy",$H11*$I11+$J11,$H11*$I11-$J11))
J12: 0 | K12: =IF(OR($H12="",$I12=""),"",IF($G12="Buy",$H12*$I12+$J12,$H12*$I12-$J12))
J13: 0 | K13: =IF(OR($H13="",$I13=""),"",IF($G13="Buy",$H13*$I13+$J13,$H13*$I13-$J13))
J14: 0 | K14: =IF(OR($H14="",$I14=""),"",IF($G14="Buy",$H14*$I14+$J14,$H14*$I14-$J14))
J15: 0 | K15: =IF(OR($H15="",$I15=""),"",IF($G15="Buy",$H15*$I15+$J15,$H15*$I15-$J15))
J16: 0 | K16: =IF(OR($H16="",$I16=""),"",IF($G16="Buy",$H16*$I16+$J16,$H16*$I16-$J16))
J17: 0 | K17: =IF(OR($H17="",$I17=""),"",IF($G17="Buy",$H17*$I17+$J17,$H17*$I17-$J17))
J18: 0 | K18: =IF(OR($H18="",$I18=""),"",IF($G18="Buy",$H18*$I18+$J18,$H18*$I18-$J18))
J19: 0 | K19: =IF(OR($H19="",$I19=""),"",IF($G19="Buy",$H19*$I19+$J19,$H19*$I19-$J19))
J20: 0 | K20: =IF(OR($H20="",$I20=""),"",IF($G20="Buy",$H20*$I20+$J20,$H20*$I20-$J20))
J21: 0 | K21: =IF(OR($H21="",$I21=""),"",IF($G21="Buy",$H21*$I21+$J21,$H21*$I21-$J21))
J22: 0 | K22: =IF(OR($H22="",$I22=""),"",IF($G22="Buy",$H22*$I22+$J22,$H22*$I22-$J22))
... J58: 0 | K58: =IF(OR($H58="",$I58=""),"",IF($G58="Buy",$H58*$I58+$J58,$H58*$I58-$J58))
